 Dungeon Crawl Stone Soup version 0.30-a0-782-ge64f9170bb (webtiles) character file.

Game seed: 80058138923456556

4587 mopl the Destroyer (level 10, -1/61 HPs)
             Began as an Octopode Hedge Wizard on Feb 24, 2023.
             Was a Priest of Vehumet.
             Slain by an acid dragon (10 damage)
             ... on level 8 of the Dungeon.
             The game lasted 00:26:36 (9825 turns).

mopl the Destroyer (Octopode Hedge Wizard)          Turns: 9825, Time: 00:26:37

Health: -1/61      AC: -3    Str: 11    XL:     10   Next: 41%
Magic:  30/32      EV: 14    Int: 21    God:    Vehumet [***...]
Gold:   260        SH:  0    Dex: 18    Spells: 16/27 levels left

rFire   + + +      SeeInvis .    a - +1 dagger (venom)
rCold   . . .      Faith    .    (no shield)
rNeg    . . .      Spirit   .    b - +0 hat
rPois   .          Reflect  .    g - amulet of the acrobat
rElec   +          Harm     .    o - ring of wizardry
rCorr   .          Rampage  .    r - +6 ring of dexterity
Will    .....                    K - +4 ring of slaying
Stlth   ++++                     j - ring of the Changing Genius {rElec rF+++ MP+9 Str+2, =R!d}
HPRegen 0.30/turn                N - ring of flight
MPRegen 0.23/turn                (no ring)
                                 (no ring)
                                 (no ring)

@: corroded, on blink cooldown, flying
A: almost no armour, amphibious, 8 rings, camouflage 1, gelatinous body 1,
nimble swimmer 1, tentacles
a: Renounce Religion


You were on level 8 of the Dungeon.
You worshipped Vehumet.
Vehumet was most pleased with you.
You visited 2 branches of the dungeon, and saw 9 of its levels.
You also visited: Sewer and Ossuary.

You collected 647 gold pieces.
You spent 387 gold pieces at shops.

Inventory:

Hand Weapons
 a - a +1 dagger of venom (weapon)
 m - the +2 dagger "Join Coa" {flame, *Slow rCorr Dex+4 Stlth+}
   (You found it on level 3 of the Dungeon)

   Dex:       It affects your dexterity (+4).
   rCorr:     It protects you from acid and corrosion.
   *Slow:     It may slow you when you take damage.
   Stlth:     It makes you more stealthy.
 H - a +1 dagger of freezing
Missiles
 l - 6 boomerangs
 q - 21 poisoned darts
 t - 6 javelins
 M - 5 curare-tipped darts
Armour
 b - a +0 hat (worn)
Magical Staves
 E - a staff of cold
Jewellery
 g - an amulet of the acrobat (around mantle)
 j - the ring of the Changing Genius (on tentacle) {rElec rF+++ MP+9 Str+2, =R!d}
   (You acquired it on level 6 of the Dungeon)

   [ring of magical power]

   Str:       It affects your strength (+2).
   rF:        It renders you almost immune to fire.
   rElec:     It insulates you from electricity.
   MP:        It affects your magic capacity (+9).
 o - a ring of wizardry (left tentacle)
 r - a +6 ring of dexterity (right tentacle)
 v - an amulet of guardian spirit
 y - an amulet of reflection
 C - a ring of fire
 K - a +4 ring of slaying (on tentacle)
 N - a ring of flight (on tentacle)
Wands
 p - a wand of flame (39)
 w - a wand of charming (8)
 z - a wand of roots (2)
 B - a wand of mindburst (10)
 L - a wand of polymorph (3)
Scrolls
 d - 2 scrolls of magic mapping
 e - 2 scrolls of poison
 h - 2 scrolls of amnesia
 i - 2 scrolls of torment {unknown}
 n - a scroll of immolation
 s - 2 scrolls of teleportation
 A - a scroll of vulnerability
 F - a scroll of blinking
 J - a scroll of fear
Potions
 c - 3 potions of magic
 f - 4 potions of mutation {!q}
 k - 3 potions of might
 u - 2 potions of curing
 x - 3 potions of ambrosia
 D - 3 potions of resistance
 G - 2 potions of invisibility
 I - 2 potions of haste
 O - 2 potions of flight


   Skills:
 + Level 2.7 Fighting
 + Level 2.3 Dodging
 - Level 2.6 Stealth
 + Level 9.3 Spellcasting
 + Level 9.5 Conjurations
 - Level 1.0 Summonings
 - Level 3.0 Translocations
 + Level 1.9 Ice Magic
 - Level 1.0 Air Magic
 - Level 3.0 Poison Magic
 + Level 3.1 Evocations


You had 16 spell levels left.
You knew the following spells:

 Your Spells              Type           Power      Damage    Failure   Level
a - Magic Dart            Conj           100%       1d8       1%          1
b - Searing Ray           Conj           98%        2d8       1%          2
c - Mephitic Cloud        Conj/Pois/Air  28%        N/A       1%          3
e - Blink                 Tloc           44%        N/A       1%          2
s - Ozocubu's Armour      Ice            17%        N/A       4%          3

Your spell library contained the following spells:

 Spells                   Type           Power      Damage    Failure   Level
 Airstrike                Air            7%         2d(1-17)  5%          4
 Apportation              Tloc           44%        N/A       1%          1
 Kiss of Death            Conj/Necr      100%       2d13      1%          1
 Sandblast                Erth           18%        2d7       1%          1
 Summon Small Mammal      Summ           56%        N/A       1%          1
 Stone Arrow              Conj/Erth      58%        3d10      1%          3
 Fulminant Prism          Conj/Hex       14%        3d8       1%          4
 Beastly Appendage        Tmut           18%        N/A       2%          1
 Necrotise                Necr           36%        1d5       2%          1
 Slow                     Hex            36%        N/A       2%          1
 Call Imp                 Summ           14%        N/A       2%          2
 Cigotuvi's Dreadful Rot  Necr/Pois/Air  30%        N/A       2%          2
 Irradiate                Conj/Tmut      14%        3d16      3%          5
 Passwall                 Tmut/Erth      7%         N/A       4%          2
 Sublimation of Blood     Necr           9%         N/A       4%          2
 Wereblood                Tmut           9%         N/A       4%          2
 Spider Form              Tmut/Pois      16%        N/A       4%          3
 Confusing Touch          Hex            9%         N/A       9%          3
 Dispel Undead            Necr           9%         3d8       26%         4
 Petrify                  Tmut/Erth      9%         N/A       26%         4
 Ozocubu's Refrigeration  Ice            8%         4d9       89%         7


Dungeon Overview and Level Annotations

Branches:
Dungeon (8/15)             Temple (1/1) D:4            Lair (0/5) D:8
  Sewer (visited)         Ossuary (visited)

Altars:
Cheibriados
Elyvilon
Fedhas
Gozag
Hepliaklqana
Kikubaaqudgha
Okawaru
Sif Muna
Trog
Uskayaw
Vehumet
Xom
Yredelemnul
The Shining One

Shops:
D:2 =   D:5 :   D:6 *

Portals:
Bailey: D:8

Annotations:
D:5 books


Innate Abilities, Weirdness & Mutations

You cannot wear most types of armour.
You are amphibious.
You can wear up to eight rings at the same time.
Your skin changes colour to match your surroundings (Stealth+).
Your rubbery body absorbs attacks. (AC +1, EV +1)
You are camouflaged when in or above water. (Stealth+)
You have tentacles for arms and can constrict up to eight enemies at once.


Message History

Vehumet accepts your kill.
You feel your power returning.
You feel sick.
You are too injured to fight recklessly!
You are too injured to fight recklessly!
You are too injured to fight recklessly!
You feel sick.
You feel sick.
M - 5 curare-tipped darts You feel sick.
You feel sick.
An acid dragon comes into view.
Found a scroll labelled XUGGA LAPAIL.
You feel sick.
The acid dragon roars!
The acid dragon spits acid at you. The splash of acid hits you!
* * * LOW HITPOINT WARNING * * *
The acid corrodes you!
You feel sick.
You are no longer poisoned.
Found a stone staircase leading down.
You hear the creaking of a portcullis.
Things that are here:
4 boomerangs; a goblin corpse; a goblin corpse
Okay, then.
Casting: Magic Dart (safe; 1% risk of failure)
Confirm with . or Enter, or press ? or * to list all spells.
You blink.
Found a scroll of identify and a chain mail.
The acid dragon misses you. The acid dragon claws you.
* * * LOW HITPOINT WARNING * * *
Aiming: Mindburst
Press: ? - help, Shift-Dir - straight line, f - acid dragon
Aim: an acid dragon (water, catching its breath, chance to affect: 77%)
The acid dragon barely resists.
A water moccasin comes into view.
The acid dragon bites you!
* * * LOW HITPOINT WARNING * * *
The acid dragon closely misses you.
You feel better. The acid dragon bites you!
You die...

###.[..........
.S.............
#.............
##.............
...............
#.....?...... #...
#............ #...#
#.≈≈D@≈...... #...#
#.≈...≈......
####.$..##.≈>∩.~...#..
###.....#..#.≈(..≈......
....#... #.#.≈≈≈≈≈...>..
.#.....# #............?.
.#. #..###..##..........
...##<......#...........
.......####.#.........


You could see a water moccasin (wandering) and an acid dragon.

Vanquished Creatures
  Pikel (D:7)
  A troll (D:8)
  A hornet (D:8)
  Sigmund (D:5)
  Eustachio (D:5)
  Menkaure (D:7)
  Edmund (D:5)
  A water moccasin (D:7)
  5 sky beasts
  An orc warrior (D:6)
  4 black bears
  An ice beast (D:8)
  3 ogres
  2 phantoms
  4 lemures (D:7)
  A kobold brigand (D:7)
  5 elf zombies (Ossuary)
  2 bullfrogs
  A crimson imp (D:6)
  2 jellies
  2 orc priests
  Crazy Yiuf (D:2)
  5 hounds
  Terence (D:3)
  6 iguanas
  5 orc wizards
  3 mummies
  7 gnolls (D:3)
  8 adders
  A river rat (D:6)
  2 shadow imps
  2 white imps
  2 ufetubi
  4 adder zombies (Ossuary)
  3 worms
  A dart slug (D:2)
  24 orcs
  12 ball pythons
  10 bats
  14 endoplasms
  10 giant cockroaches
  37 goblins
  33 hobgoblins
  5 jackals
  8 quokkas
  9 frilled lizards
  A goblin zombie (D:6)
  7 hobgoblin zombies (Ossuary)
  2 jackal zombies (Ossuary)
  13 kobolds
  11 kobold zombies
  8 orc zombies (Ossuary)
  3 rats
299 creatures vanquished.

Notes
Turn   | Place    | Note
-------+----------+-------------------------------------------
     0 | D:1      | mopl the Octopode Hedge Wizard began the quest for the Orb.
     0 | D:1      | Reached XP level 1. HP: 11/11 MP: 4/4
   118 | D:1      | Reached XP level 2. HP: 15/17 MP: 6/6
   138 | D:1      | Learned a level 2 spell: Blink
   446 | D:1      | Reached XP level 3. HP: 21/21 MP: 5/7
   568 | D:1      | Learned a level 3 spell: Mephitic Cloud
   937 | D:2      | Found a snail-covered altar of Cheibriados.
   960 | D:2      | Learned a level 2 spell: Searing Ray
  1124 | D:2      | Found Zashron's Jewellery Emporium.
  1183 | D:2      | Reached skill level 2 in Translocations
  1404 | D:2      | Reached skill level 2 in Conjurations
  1404 | D:2      | Reached skill level 1 in Poison Magic
  1404 | D:2      | Reached XP level 4. HP: 27/27 MP: 3/9
  1453 | D:2      | Found a runed translucent door.
  1454 | D:2      | Noticed Crazy Yiuf
  1969 | D:3      | Reached skill level 1 in Air Magic
  1977 | D:3      | Identified the +2 dagger "Join Coa" {flame, *Slow rCorr
                  | Dex+4 Stlth+}
  2027 | D:3      | Reached XP level 5. HP: 31/31 MP: 3/10
  2031 | D:3      | Noticed Terence
  2273 | D:3      | Killed Terence
  2274 | D:3      | Reached skill level 2 in Poison Magic
  2776 | D:3      | Reached skill level 4 in Spellcasting
  2961 | D:3      | Reached XP level 6. HP: 36/36 MP: 7/12
  3193 | D:3      | Reached skill level 3 in Translocations
  3306 | D:3      | Reached skill level 3 in Conjurations
  3613 | D:3      | Reached skill level 3 in Poison Magic
  3622 | D:3      | Found a bloodstained altar of Trog.
  3765 | D:3      | Found a shimmering altar of Xom.
  4391 | D:4      | Reached XP level 7. HP: 41/41 MP: 10/14
  4793 | D:4      | Reached skill level 4 in Conjurations
  4822 | D:4      | Reached skill level 5 in Spellcasting
  5036 | D:4      | Found a staircase to the Ecumenical Temple.
  5042 | Temple   | Entered the Ecumenical Temple
  5198 | Temple   | Became a worshipper of Vehumet
  5401 | D:5      | Entered Level 5 of the Dungeon
  5559 | D:5      | Reached skill level 5 in Conjurations
  5707 | D:5      | Found Iddaosed's Tremendous Tomes.
  5813 | D:5      | Noticed Edmund
  5832 | D:5      | Killed Edmund
  5833 | D:5      | Reached XP level 8. HP: 46/46 MP: 12/16
  5839 | D:5      | Noticed Sigmund
  5872 | D:5      | Killed Sigmund
  5873 | D:5      | Reached skill level 6 in Spellcasting
  5955 | D:5      | Noticed Eustachio
  6075 | D:5      | Killed Eustachio
  6076 | D:5      | Reached skill level 6 in Conjurations
  6134 | D:5      | Found an opulent altar of Gozag.
  6215 | D:5      | You fall into a shaft and drop 2 floors!
  6455 | D:7      | Reached skill level 7 in Spellcasting
  6501 | D:7      | Noticed Menkaure
  6510 | D:7      | Killed Menkaure
  6511 | D:7      | Reached skill level 7 in Conjurations
  6575 | D:7      | Reached XP level 9. HP: 51/51 MP: 11/20
  6680 | D:7      | Reached * piety under Vehumet
  6680 | D:7      | Offered knowledge of Foxfire by Vehumet.
  6801 | D:7      | Found a white marble altar of Elyvilon.
  6887 | D:7      | Noticed Pikel
  7016 | D:7      | Killed Pikel
  7017 | D:7      | Reached skill level 8 in Spellcasting
  7017 | D:7      | Reached skill level 8 in Conjurations
  7621 | D:6      | Found a glowing drain.
  7634 | Sewer    | Entered a sewer
  7774 | Sewer    | Reached ** piety under Vehumet
  7774 | Sewer    | Offered knowledge of Freeze by Vehumet.
  7877 | D:6      | Found Tiskom's Assorted Antiques.
  7959 | D:6      | Found a sand-covered staircase.
  7973 | Ossuary  | Entered an ossuary
  8086 | Ossuary  | Offered knowledge of Frozen Ramparts by Vehumet.
  8157 | Ossuary  | Reached *** piety under Vehumet
  8158 | Ossuary  | Reached skill level 9 in Conjurations
  8246 | Ossuary  | Reached skill level 1 in Evocations
  8247 | Ossuary  | Reached skill level 1 in Fighting
  8247 | Ossuary  | Reached skill level 9 in Spellcasting
  8247 | Ossuary  | Reached XP level 10. HP: 50/58 MP: 6/23
  8395 | D:6      | Offered knowledge of Airstrike by Vehumet.
  8423 | D:6      | Reached skill level 2 in Evocations
  8427 | D:6      | Learned a level 3 spell: Ozocubu's Armour
  8435 | D:6      | Bought a fizzy golden potion for 23 gold pieces
  8435 | D:6      | Bought a scroll labelled KIKKOD CIZUET for 26 gold pieces
  8435 | D:6      | Bought a shiny tourmaline ring for 130 gold pieces
  8435 | D:6      | Bought a twisted copper wand for 104 gold pieces
  8435 | D:6      | Bought a scroll of identify for 52 gold pieces
  8435 | D:6      | Bought a scroll of identify for 52 gold pieces
  8438 | D:6      | Identified a scroll of acquirement
  8443 | D:6      | Acquired the ring of the Changing Genius {rElec rF+++ MP+9
                  | Str+2}
  8666 | D:6      | Reached skill level 2 in Fighting
  8909 | D:6      | Reached skill level 1 in Ice Magic
  9405 | D:2      | Paralysed by Crazy Yiuf for 3 turns
  9429 | D:2      | Killed Crazy Yiuf
  9714 | D:8      | Found a blossoming altar of Fedhas.
  9725 | D:8      | Found a staircase to the Lair.
  9737 | D:8      | Reached skill level 3 in Evocations
  9802 | D:8      | Found a flagged portal.
  9810 | D:8      | Paralysed by a hornet for 1 turns
  9824 | D:8      | HP: 2/61 [acid dragon (9)]
  9825 | D:8      | Slain by an acid dragon

Illustrated notes

Levels and vault maps discovered:
D:1:      heliophobic_arrival_henge, layout_loops_corners,
          minmay_misc_feat_plants, minmay_indecisive_spiral
D:2:      layout_loops_corners, serial_shops, shop_fountains, basic_altar,
          uniq_crazy_yiuf_cottage
D:3:      minmay_goblin_kobold_castle, layout_loops_ring, tgw_xom,
          marbit_many_paths, kennysheep_another_room, minmay_misc_feat_columns,
          amethyst_killhole, uniq_terence
D:4:      layout_loops_ring, minmay_temple_entry_enclosed_plants
D:5:      layout_basic, nicolae_gozag_cash_rules_everything_around_me,
          nicolae_shop_i_like_big_books, chequers_serial_rivers_large_a,
          hex_intersection, roderic_roman_lattice, uniq_edmund, uniq_sigmund,
          uniq_eustachio
D:6:      layout_loops_ring, serial_shops, shop, nicolae_ossuary_entry_giza,
          cheibrodos_sewer_entry_sluice, minmay_fire_ice_demons
D:7:      layout_basic, mainiacjoe_overflow_paths, amcnicky_mini_pool_small,
          uniq_menkaure, uniq_pikel
D:8:      layout_rooms, fedhas_altar_1, lair_entry_dummy, enter_bailey_5
Temple:   nicolae_temple_figure_eight

Skill      XL: |  1  2  3  4  5  6  7  8  9 10 |
---------------+-------------------------------+-----
Translocations | 2 3 |  3.0
Conjurations   | 2 3 5 7 9 |  9.5
Poison Magic   | 1 2 3 |  3.0
Air Magic      | 1 |  1.0
Spellcasting   | 4 5 7 9 |  9.3
Evocations     | 1 3 |  3.1
Fighting       | 1 2 |  2.7
Ice Magic      | 1 |  1.9
Dodging        | |  2.3
Stealth        | |  2.6
Summonings     | |  1.0

Action                     |  1- 3 |  4- 6 |  7- 9 | 10-12 || total
---------------------------+-------+-------+-------+-------++-------
  Melee: Dagger            |    59 |   119 |   153 |    25 ||   356
         Constrict         |    17 |    33 |    42 |     6 ||    98
         Tentacles         |    15 |    31 |    37 |     6 ||    89
         Punch             |     1 |     3 |     3 |       ||     7
  Throw: Dart              |       |       |     2 |       ||     2
   Cast: Magic Dart        |    38 |   124 |   158 |    58 ||   378
         Mephitic Cloud    |       |    12 |     9 |     3 ||    24
         Searing Ray       |       |     1 |    33 |     9 ||    43
         Blink             |       |       |     1 |     3 ||     4
         Ozocubu's Armour  |       |       |       |     2 ||     2
  Evoke: Wand              |       |     1 |       |     4 ||     5
    Use: Scroll            |       |       |     6 |    11 ||    17
         Potion            |       |       |     1 |     1 ||     2
   Stab: Sleeping          |    11 |     5 |    12 |       ||    28
         Confused          |       |     1 |     1 |       ||     2
 Armour: Skin              |     3 |     6 |    10 |     3 ||    22
  Dodge: Dodged            |    28 |    87 |   143 |    59 ||   317

Table legend: (Time is in decaauts)
 A = Elapsed time spent in this place.
 B = Non-inter-level travel time spent in this place.
 C = Inter-level travel time spent in this place.
 D = Time resting spent in this place.
 E = Time spent auto-exploring this place.
 F = Levels seen in this place.
 G = Mean time per level.
                   A        B        C        D        E       F      G
               +--------+--------+--------+--------+--------+-----+--------+
         Total |   9823 |   9315 |    508 |   1862 |   4817 |  11 |  893.0 |
       Dungeon |   9051 |   8565 |    486 |   1785 |   4577 |   8 | 1131.4 |
        Temple |    165 |    143 |     22 |      0 |    141 |   1 |  165.0 |
         Sewer |    198 |    198 |      0 |      0 |      0 |   1 |  198.0 |
       Ossuary |    407 |    407 |      0 |     77 |     99 |   1 |  407.0 |
               +--------+--------+--------+--------+--------+-----+--------+

Top non-repeatable levels by time:
     D:3: 2412 daAuts
     D:7: 1290 daAuts
     D:2: 1233 daAuts
     D:5: 1126 daAuts
     D:4: 962 daAuts
     D:6: 955 daAuts
     D:1: 916 daAuts
 Ossuary: 407 daAuts
   Sewer: 198 daAuts
  Temple: 165 daAuts
     D:8: 154 daAuts
